 Dungeon Crawl Stone Soup version 0.13-a0-2537-g1f6edf4 (webtiles) character file.

176 Rycklaryybbe the Changer (level 3, -4/28 HPs)
             Began as a Demigod Transmuter on July 27, 2013.
             Killed from afar by Kae's ghost (8 damage)
             ... with a puff of flame
             ... on Level 3 of the Dungeon.
             The game lasted 00:06:00 (2509 turns).

Rycklaryybbe the Changer (Demigod Transmuter)       Turns: 2509, Time: 00:06:00

HP  -4/28        AC  2     Str 13      XL: 3   Next: 19%
MP   7/7         EV 12     Int 17      God:
Gold 134         SH  0     Dex 18      Spells:  2 memorised,  1 level left

Res.Fire  : . . .   See Invis. : .   e - +0 hand axe
Res.Cold  : . . .   Warding    : .   c - +0 robe
Life Prot.: . . .   Conserve   : .   (no shield)
Res.Poison: .       Res.Corr.  : .   (no helmet)
Res.Elec. : .       Clarity    : .   (no cloak)
Sust.Abil.: . .     Spirit.Shd : .   (no gloves)
Res.Mut.  : .       Stasis     : .   (no boots)
Res.Rott. : .       Flight     : .   (no amulet)
Saprovore : . . .                    (no ring)
                                     (no ring)

@: slightly resistant to hostile enchantments, unstealthy
A: no striking features
a: no special abilities


You were on level 3 of the Dungeon.
You were near starving.

You visited 1 branch of the dungeon, and saw 3 of its levels.

You collected 114 gold pieces.

Inventory:

Hand weapons
 e - a +0,+0 hand axe (weapon)
Missiles
 b - 24 arrows
 k - 12 arrows of dispersal
 n - 2 darts (quivered)
 o - 21 poisoned needles
 s - 16 arrows of flame
Armour
 c - a +0 robe (worn)
 j - a +0 robe
Comestibles
 a - a bread ration
 q - an apple
Scrolls
 l - a scroll of remove curse
 m - a scroll of magic mapping {unknown}
 p - 2 scrolls of fog {unknown}
 r - a scroll of identify {unknown}
Potions
 f - 2 potions of heal wounds {unknown}
 g - a potion of magic {unknown}
 h - a potion of might {unknown}
 i - a potion of paralysis {unknown}
Books
 d - a book of Changes

   Spells                             Type                      Level
   *Beastly Appendage                 Transmutation                1
   Sticks to Snakes                   Transmutation                2
   *Spider Form                       Transmutation/Poison         3
   Ice Form                           Ice/Transmutation            4
   Blade Hands                        Transmutation                5


   Skills:
 - Level 0.8 Fighting
 - Level 1.7 Dodging
 - Level 2.6 Unarmed Combat
 - Level 1.7 Spellcasting
 + Level 3.3 Transmutations
 + Level 0.5 Poison Magic


You had one spell level left.
You knew the following spells:

 Your Spells              Type           Power        Failure   Level  Hunger
a - Beastly Appendage     Trmt           ##....       6%          1    #......
b - Spider Form           Trmt/Pois      #.........   30%         3    ####...


Dungeon Overview and Level Annotations

Branches:
Dungeon (3/27)

Annotations
D:3 Kae's ghost, average TeFE


Message History

Kae's ghost points at you and mumbles some strange words.
The puff of flame hits you!
Ouch! That really hurt!
Press: ? - help, v - describe, . - travel
Here: Kae's ghost The floor.
Unknown command.
Kae's ghost points at you and mumbles some strange words.
The puff of flame hits you!
* * * LOW HITPOINT WARNING * * *
You open the door.
A kobold comes into view. It is wielding a short sword.
There is an open door here.
The kobold shouts!
As you close the door, it creaks loudly!
Kae's ghost opens the door.
You open the door. Kae's ghost casts a spell at you.
The puff of flame hits you!
You die...

#.###..#
###.#.....p.#
#......#
#.#####.#...#
#..###.# #.# # #.
#.# ##'## #..###.#
##.p.## #......#
##.....## ##.##.##
##.......##
#.#...####.........#
#........@..K......+
#..(...###.........#
####.#.# ##.......##
###.# ##.....##
####.######...##
#.(......###+##
#.##.###.###.####
#.##.###.....)..
#.##......##....


You could see Kae's ghost and a kobold.

Vanquished Creatures
  An ooze (D:2)
  8 bats
  5 hobgoblins
  A quokka (D:2)
  A giant cockroach (D:2)
  A giant newt (D:1)
  8 goblins
  9 kobolds
  5 rats
39 creatures vanquished.

Notes
Turn   | Place    | Note
--------------------------------------------------------------
     0 | D:1      | Rycklaryybbe, the Demigod Transmuter, began the quest for the Orb.
     0 | D:1      | Reached XP level 1. HP: 16/16 MP: 3/3
   600 | D:1      | Reached XP level 2. HP: 20/23 MP: 4/4
  1258 | D:2      | Reached skill level 3 in Transmutations
  1850 | D:2      | Reached XP level 3. HP: 26/28 MP: 7/7
  1855 | D:2      | Learned a level 3 spell: Spider Form
  2493 | D:3      | Noticed Kae's ghost (average TeFE)
  2509 | D:3      | Killed from afar by Kae's ghost

Action                   || total
-------------------------++-------
Melee: Hand axe          ||   135
       Unarmed           ||     4
 Cast: Beastly Appendage ||    11
       Spider Form       ||     2
 Abil: End Transformatio ||     1
  Use: Scroll            ||     2
 Stab: Sleeping          ||     1
